 Dungeon Crawl Stone Soup version 0.18-a0-19-g8b99b3a (webtiles) character file.

8512 4thArraOfDagon the Grappler (level 11, -1/97 HPs)
             Began as a Ghoul Monk on Nov 1, 2015.
             Was a Priest of Cheibriados.
             Slain by a hippogriff (4 damage)
             ... on level 12 of the Dungeon.
             The game lasted 00:15:08 (3327 turns).

4thArraOfDagon the Grappler (Ghoul Monk)            Turns: 3327, Time: 00:15:08

Health: -1/97      AC: 11    Str: 24    XL:     11   Next: 32%
Magic:  7/15       EV: 11    Int: 16    God:    Cheibriados [***...]
Gold:   366        SH:  0    Dex: 19    Spells: 0 memorised, 10 levels left

rFire  . . .     SeeInvis .       - Unarmed
rCold  + . .     Clarity  +     J - +0 plate armour (curse)
rNeg   + + +     SustAt   .     (no shield)
rPois  ∞         Gourm    .     (no helmet)
rElec  .         Spirit   .     E - +0 cloak
rCorr  .         Warding  .     (no gloves)
rMut   .         Stasis   .     (no boots)
MR     .....                    j - amulet of clarity
Stlth  ..........               (no ring)
                                e - ring of loudness (curse)

@: rotting, very slow, not resistant to hostile enchantments, extremely
unstealthy
A: rotting body, claws 1, carnivore 3, cold resistance 1, negative energy
resistance 3, slow regeneration 1, torment resistance, unbreathing
a: Bend Time, Temporal Distortion, Renounce Religion


You were on level 12 of the Dungeon.
You worshipped Cheibriados.
Cheibriados was most pleased with you.
You were not hungry.

You visited 2 branches of the dungeon, and saw 14 of its levels.

You collected 366 gold pieces.

Inventory:

Hand Weapons
 m - a +0 blowgun
Missiles
 u - 34 poisoned needles
 F - a throwing net (quivered)
Armour
 s - a +0 pair of gloves
 C - a mottled dragon hide
 E - a +0 cloak (worn)
 J - a cursed +0 plate armour (worn)
Magical Staves
 t - an uncursed staff of air {unknown}
Jewellery
 e - a cursed ring of loudness (left claw)
 j - an amulet of clarity (around neck)
Wands
 y - a wand of lightning (10)
 z - a wand of digging (16)
Scrolls
 a - a scroll of enchant weapon {unknown}
 c - a scroll of enchant armour {unknown}
 g - 2 scrolls of immolation {unknown}
 h - 2 scrolls of amnesia {unknown}
 i - 4 scrolls of teleportation {unknown}
 n - a scroll of random uselessness {unknown}
 o - 6 scrolls of noise {unknown}
 w - 2 scrolls of fear {unknown}
 x - 5 scrolls of recharging {unknown}
 I - a scroll of holy word
 K - a scroll of remove curse {unknown}
Potions
 d - 4 potions of curing
 f - a potion of invisibility {unknown}
 l - a potion of haste
 p - 2 potions of might
 q - a potion of agility
 A - a potion of heal wounds
Books
 r - a Young Poisoner's Handbook

   Spells                             Type                      Level
   a - Sting                          Conjuration/Poison           1
   b - Cure Poison                    Poison                       2
   c - Mephitic Cloud                 Conjuration/Poison/Air       3
   d - Olgreb's Toxic Radiance        Poison                       4
   e - Venom Bolt                     Conjuration/Poison           5
 D - a book of the Sky

   Spells                             Type                      Level
   a - Summon Lightning Spire         Summoning/Air                4
   b - Airstrike                      Air                          4
   c - Silence                        Hexes/Air                    5
   d - Deflect Missiles               Charms/Air                   6
   e - Conjure Ball Lightning         Conjuration/Air              6
   f - Tornado                        Air                          9
Miscellaneous
 H - a phial of floods
Comestibles
 b - 2 meat rations
 k - 3 slices of pizza
 v - a royal jelly
 B - 11 chunks of flesh
 G - 6 beef jerkies


   Skills:
 + Level 9.3 Fighting
 + Level 7.8 Dodging
 - Level 2.1 Stealth
 * Level 12.6 Unarmed Combat
 + Level 7.3 Invocations
 + Level 1.0 Evocations


You had 10 spell levels left.
You didn't know any spells.

Dungeon Overview and Level Annotations

Branches:
Dungeon (13/15)            Temple (1/1) D:6
   Lair: D:8-11         Orc: D:9-12      Vaults: D:13-14

Altars:
Ashenzari
Cheibriados
Dithmenos
Elyvilon
Fedhas
Makhleb
Nemelex Xobeh
Okawaru
Qazlal
Ru
Sif Muna
Trog
Yredelemnul
Zin
The Shining One
Beogh

Shops:
D:12 }


Innate Abilities, Weirdness & Mutations

Your body is rotting away.
You thrive on raw meat.
You are immune to poison.
You have sharp fingernails.
You are carnivorous and can eat meat at any time.
Your flesh is cold resistant.
You are immune to negative energy.
You regenerate slowly when monsters are visible.
You are immune to unholy pain and torment.
You can survive without breathing.


Message History

The crimson imp blinks!
The hippogriff bites you but does no damage.
The hippogriff pecks you.
* * * LOW HITPOINT WARNING * * *
The hippogriff claws you but does no damage.
Eat one of 12 chunks of flesh? (ye/n/q/i?) This raw flesh tastes great!
The crimson imp blinks!
The crimson imp blinks!
The hippogriff bites you but does no damage.
The hippogriff closely misses you. The hippogriff claws you.
* * * LOW HITPOINT WARNING * * *
You continue eating.
The hippogriff bites you but does no damage.
The hippogriff pecks you but does no damage.
The hippogriff claws you but does no damage.
You continue eating.
The crimson imp shouts, "Despond, thou impertinent pigeon-egg serf!"
The hippogriff bites you.
* * * LOW HITPOINT WARNING * * *
The hippogriff pecks you.
You die...

###########...###
#........#
####'######.#
#.....# .# #.....#
# #.....# #.....#
#.....#######
#.....'....@#
#.....#####H#
#.....##..5e[...#
#.....##.....*..#
#.....##........'l.
#.....##........#..
#.....##........# .
#.....##........#
#############+###


You could see a hippogriff, a deep elf mage and a crimson imp.

Vanquished Creatures
  A frost giant (D:13)
  Urug (D:13)
  An unseen horror (D:13)
  A hill giant (D:12)
  An ugly thing (D:12)
  A gargoyle (D:13)
  A tengu conjurer (D:13)
  A troll (D:13)
  2 wyverns (D:12)
  2 deep elf magi
  A wraith (D:12)
  A mottled dragon (D:12)
  8 yaks
  A water moccasin (D:12)
  2 ogres
  2 orc warriors
  An ice beast (D:5)
  2 centaurs
  2 crocodiles (D:11)
  A giant frog (D:11)
  3 big kobolds
  3 scorpions
  13 wights
  3 killer bees (D:11)
  A giant frog zombie (D:11)
  A jelly (D:7)
  2 iguanas (D:12)
  2 orc priests (D:3)
  A hound (D:5)
  A giant frog skeleton (D:12)
  A worker ant (D:13)
  5 orc wizards
  A hound skeleton (D:6)
  2 river rats (D:11)
  2 adders
  3 gnolls (D:6)
  2 shadow imps
  A giant gecko (D:7)
  9 orcs
  A goblin (D:1)
  5 hobgoblins
  4 jackals (D:6)
  32 kobolds
  14 bats
  4 giant cockroaches
  7 rats (D:11)
156 creatures vanquished.

Vanquished Creatures (others)
  2 fungi (D:11)
  3 plants
5 creatures vanquished.

Grand Total: 161 creatures vanquished

Notes
Turn   | Place    | Note
--------------------------------------------------------------
     0 | D:1      | 4thArraOfDagon the Ghoul Monk began the quest for the Orb.
     0 | D:1      | Reached XP level 1. HP: 19/19 MP: 0/0
   236 | D:3      | Reached XP level 2. HP: 26/26 MP: 1/1
   318 | D:3      | Found a roughly hewn altar of Beogh.
   351 | D:3      | Reached skill level 5 in Unarmed Combat
   351 | D:3      | Reached XP level 3. HP: 30/33 MP: 2/2
   360 | D:3      | Reached XP level 4. HP: 31/40 MP: 3/3
   512 | D:5      | Entered Level 5 of the Dungeon
   547 | D:5      | Noticed an ice beast
   561 | D:6      | Found a shadowy altar of Dithmenos.
   576 | D:6      | Found a white marble altar of Elyvilon.
   578 | D:6      | Found a deep blue altar of Sif Muna.
   632 | D:5      | Reached XP level 5. HP: 25/47 MP: 4/4
   722 | D:4      | Reached skill level 6 in Unarmed Combat
   834 | D:4      | Reached XP level 6. HP: 41/52 MP: 5/5
   894 | D:5      | Reached skill level 5 in Fighting
   901 | D:5      | You fall through a shaft!
  1008 | D:7      | Reached skill level 7 in Unarmed Combat
  1008 | D:7      | Reached XP level 7. HP: 37/61 MP: 6/6
  1509 | D:6      | Found a staircase to the Ecumenical Temple.
  1729 | Temple   | Entered the Ecumenical Temple
  1769 | Temple   | Became a worshipper of Cheibriados the Contemplative
  1769 | Temple   | Reached * piety under Cheibriados
  1769 | Temple   | Reached ** piety under Cheibriados
  2008 | D:8      | You fall through a shaft for 2 floors!
  2008 | D:10     | Entered Level 10 of the Dungeon
  2030 | D:10     | Reached skill level 8 in Unarmed Combat
  2030 | D:10     | Reached XP level 8. HP: 24/70 MP: 7/7
  2108 | D:8      | Reached skill level 1 in Invocations
  2133 | D:8      | Reached skill level 5 in Dodging
  2457 | D:10     | Found a sacrificial altar of Ru.
  2482 | D:11     | Reached skill level 9 in Unarmed Combat
  2505 | D:11     | Reached *** piety under Cheibriados
  2561 | D:11     | Reached XP level 9. HP: 69/78 MP: 10/10
  2709 | D:11     | Reached **** piety under Cheibriados
  2713 | D:11     | Reached skill level 10 in Unarmed Combat
  2756 | D:12     | Found Yfoif's Gadget Shop.
  2798 | D:12     | Reached skill level 5 in Invocations
  2878 | D:13     | Noticed a gargoyle
  2884 | D:13     | Reached XP level 10. HP: 88/88 MP: 12/12
  2923 | D:13     | Reached skill level 11 in Unarmed Combat
  2991 | D:13     | Noticed Urug
  3021 | D:13     | Killed Urug
  3082 | D:13     | Noticed a frost giant
  3086 | D:13     | Killed an unseen horror
  3094 | D:13     | Killed a frost giant
  3094 | D:13     | Reached skill level 12 in Unarmed Combat
  3094 | D:13     | Reached XP level 11. HP: 44/97 MP: 4/15
  3190 | D:12     | Noticed a hill giant
  3201 | D:12     | Killed a hill giant
  3318 | D:12     | Reached skill level 1 in Evocations
  3324 | D:12     | HP: 3/97 [hippogriff (5)]
  3327 | D:12     | Slain by a hippogriff

Vault maps used:
D:1:      erik_arrival_orb_chamber
D:2:      lemuel_coloured_pillars_altar
D:3:      first_bread, kennysheep_orc_chapel
D:5:      nicolae_ossuary_entry_plus
D:6:      nicolae_dithmenos_the_darkroom, grunt_temple_overflow_diamond,
          nicolae_overflow_hidden_temple, temple_doors_b
D:7:      kennysheep_kobold_camp
D:8:      serial_co_window_serial, co_window_paths_a, co_window_paths_a,
          co_window_paths_a, co_window_corner_a, co_window_paths_a,
          co_window_paths_a, co_window_of_opportunity_a, co_window_cross_4,
          co_window_corner_cb, co_window_broadway_c, co_window_2corner,
          co_window_sun, glass_columns_b, glass_columns_a
D:9:      orc_0_dummy
D:10:     lemuel_ice_statue, basic_altar, grunt_ogre_cave, minmay_holes
D:11:     grunt_lair_entry_elf_guard_hut, uniq_harold
D:12:     serial_shops, nicolae_shop_trees
D:13:     uniq_rupert, uniq_erolcha, uniq_urug
Temple:   circular_temple_pool_12

Action                   |  1- 3 |  4- 6 |  7- 9 | 10-12 || total
-------------------------+-------+-------+-------+-------++-------
Melee: Unarmed           |    30 |    82 |   330 |   155 ||   597
Throw: Throwing net      |       |       |     3 |     2 ||     5
Invok: Bend Time         |       |       |     1 |     2 ||     3
       Slouch            |       |       |       |     3 ||     3
  Use: Scroll            |       |     6 |     5 |     1 ||    12
       Potion            |       |       |       |     2 ||     2
 Stab: Sleeping          |       |     1 |       |       ||     1
       Held in net/web   |       |       |     5 |     1 ||     6
  Eat: Chunk             |     1 |     5 |    49 |    19 ||    74
